 Dungeon Crawl Stone Soup version 0.27.1-33-g824d729ab1 (webtiles) character file.

Game seed: 6764308677438289403

11445 alasdair19 the Carver (level 11, -6/95 HPs)
             Began as a Minotaur Fighter on Dec 9, 2021.
             Was an Elder of Okawaru.
             Shot with an arrow by a centaur warrior (20 damage)
             ... on level 9 of the Dungeon.
             The game lasted 00:33:09 (13352 turns).

alasdair19 the Carver (Minotaur Fighter)           Turns: 13352, Time: 00:33:10

Health: -6/95      AC: 16    Str: 23    XL:     11   Next: 49%
Magic:  10/10      EV:  7    Int:  6    God:    Okawaru [****..]
Gold:   516        SH: 12    Dex: 10    Spells: 10/10 levels left

rFire    . . .     SeeInvis +   d - +0 scimitar (flame)
rCold    . . .     Faith    .   c - +0 kite shield
rNeg     . . .     Spirit   .   t - +0 plate armour
rPois    .         Reflect  .   (helmet restricted)
rElec    .         Harm     .   (no cloak)
rCorr    .         Rampage  .   j - +0 pair of gloves
Will     +....                  (no boots)
Stlth    ..........             s - amulet of the acrobat
HPRegen  0.25/turn              l - ring of see invisible
MPRegen  0.12/turn              x - ring of willpower

@: mighty
A: horns 2, retaliatory headbutt
a: Renounce Religion, Heroism


You were on level 9 of the Dungeon.
You worshipped Okawaru.
Okawaru was greatly pleased with you.
You visited 2 branches of the dungeon, and saw 10 of its levels.
You also visited: Sewer.

You collected 516 gold pieces.

Inventory:

Hand Weapons
 a - a +0 long sword
 d - a +0 scimitar of flaming (weapon)
Missiles
 e - 45 poisoned darts
 n - 3 javelins
 u - 4 throwing nets
 G - 6 boomerangs (quivered)
 L - 2 atropa-tipped darts
 M - 5 curare-tipped darts
Armour
 c - a +0 kite shield (worn)
 j - a +0 pair of gloves (worn)
 o - a +2 scale mail of poison resistance
 t - a +0 plate armour (worn)
 v - a +2 buckler
Jewellery
 l - a ring of see invisible (left hand)
 p - a +6 ring of dexterity
 s - an amulet of the acrobat (around neck)
 x - a ring of willpower (right hand)
 A - a +4 ring of protection
 H - the ring "Sismug" {rF+ Dex+4}
   (You found it on level 7 of the Dungeon)

   [ring of protection from fire]

   Dex:       It affects your dexterity (+4).
   rF:        It protects you from fire.
 K - an amulet of regeneration
Wands
 C - a wand of flame (24)
 D - a wand of iceblast (11)
 J - a wand of mindburst (6)
Scrolls
 g - a scroll of enchant armour {unknown}
 h - a scroll of magic mapping
 q - 2 scrolls of noise {unknown}
 r - 3 scrolls of fog
 w - 3 scrolls of fear
 y - a scroll of vulnerability {unknown}
 B - 2 scrolls of amnesia {unknown}
 F - a scroll of teleportation
 I - 2 scrolls of enchant weapon {unknown}
Potions
 b - 3 potions of curing
 f - a potion of flight
 i - 5 potions of mutation
 k - 4 potions of haste
 m - a potion of heal wounds {unknown}
 E - a potion of invisibility {unknown}


   Skills:
 + Level 8.7 Fighting
 + Level 11.6 Long Blades
 * Level 7.4 Throwing
 + Level 10.8 Armour
 - Level 2.1 Dodging
 - Level 0.3 Stealth
 + Level 10.5 Shields
 + Level 0.3 Invocations


You had 10 spell levels left.
You didn't know any spells.
Your spell library contained the following spells:

 Spells                   Type           Power      Damage    Failure   Level
 Beastly Appendage        Tmut           0%         N/A       100%        1
 Wereblood                Tmut           0%         N/A       100%        2
 Call Canine Familiar     Summ           0%         N/A       100%        3
 Inner Flame              Hex/Fire       0%         N/A       100%        3
 Portal Projectile        Hex/Tloc       0%         N/A       100%        3
 Spider Form              Tmut/Pois      0%         N/A       100%        3
 Cause Fear               Hex            0%         N/A       100%        4
 Leda's Liquefaction      Hex/Erth       0%         N/A       100%        4
 Discord                  Hex            0%         N/A       100%        8


Dungeon Overview and Level Annotations

Branches:
Dungeon (9/15)             Temple (1/1) D:6            Lair (0/6) D:8
    Orc (0/2) D:9           Sewer (visited)

Altars:
Cheibriados
Elyvilon
Fedhas
Hepliaklqana
Kikubaaqudgha
Makhleb
Nemelex Xobeh
Okawaru
Qazlal
Ru
Sif Muna
Trog
Uskayaw
Vehumet
Xom
Zin
The Shining One

Shops:
D:1 :

Annotations:
D:3 3 runed translucent doors, othur's ghost, amateur HOFi
D:7 8 runed translucent doors, Cleetus's ghost, novice FoFi; othur's ghost, novice GrFi


Innate Abilities, Weirdness & Mutations

You have a pair of horns on your head.
You reflexively headbutt those who attack you in melee.


Message History

You headbutt the two-headed ogre!
The two-headed ogre is heavily wounded.
You slash the two-headed ogre! You burn the two-headed ogre.
The two-headed ogre is severely wounded.
You feel like a meek peon again.
The two-headed ogre hits you with a +0 giant spiked club.
You block the two-headed ogre's attack.
You hit the two-headed ogre. You burn the two-headed ogre.
The two-headed ogre is almost dead.
You slash the two-headed ogre! You burn the two-headed ogre.
You kill the two-headed ogre!
Okawaru accepts your kill.
The meliai mumbles some strange prayers to its god against you.
Something smites you!
You slash the troll! You burn the troll.
The troll is moderately wounded.
The troll bites you. The troll claws you.
The troll claws you but does no damage.
You slash the troll! You burn the troll. You headbutt the troll!
The troll is severely wounded.
The troll bites you but does no damage.
The troll claws you but does no damage. x2
You slash the troll! You burn the troll.
You kill the troll!
Okawaru accepts your kill.
You slice the cyclops!! You burn the cyclops.
The cyclops is heavily wounded.
The meliai mumbles some strange prayers to its god against you.
Something smites you! The cyclops hits you!
* * * LOW HITPOINT WARNING * * *
You hit the cyclops but do no damage.
The cyclops is heavily wounded.
The meliai mumbles some strange prayers to its god against you.
Something smites you!
* * * LOW HITPOINT WARNING * * *
You slice the cyclops!! You burn the cyclops.
You kill the cyclops!
Okawaru accepts your kill.
The centaur warrior wields a +0 shortbow.
The centaur warrior shoots an arrow.
The arrow hits you!!
You die...

.##...#.....######...............
.##...#.#........#########'#####'
.##..............#...#...........
.....#####.......#...#...........
.....##..###.....#...#...........
.###.##.#..###...#..[##....###...
.#...##y###..###.....##....###...
.'...##.#!###yH####........(#....
.#...##....}###(@'###.......#....
##...##.#?###.c###..###.....#....
.....##.###?.#####.#..###...#..##
..#..##c#..####..#...#..###...[##
..#..##..####.#.##.#...#..####[..
..'..######.##.#.#...#...#..##...
..#..####.##.##.##.#...#..####...
..#..##..#..#..#.#).)#..######.##
..#..#.###.#.##..#.#..####..##...


You could see a centaur warrior, a manticore and a meliai.

Vanquished Creatures
  Harold (D:8)
  2 two-headed ogres (D:9)
  Erica (D:8)
  An ugly thing (D:9)
  A cyclops (D:9)
  A tengu conjurer (D:9)
  A troll (D:9)
  A hornet (D:9)
  6 yaks
  Sigmund (D:6)
  7 wyverns
  Grum (D:8)
  Edmund (D:5)
  An acid dragon (D:9)
  5 water moccasins
  Duvessa (D:4)
  A hornet zombie (D:5)
  An orc warrior (D:9)
  4 black bears
  2 necrophages (D:6)
  An ogre (D:6)
  3 wolves (D:8)
  9 centaurs
  A phantom (D:4)
  4 kobold brigands (D:9)
  A bullfrog (D:9)
  A wyvern zombie (D:9)
  A gnoll sergeant (D:6)
  Dowan (D:4)
  3 scorpions
  A water moccasin zombie (D:5)
  A water moccasin skeleton (D:5)
  13 killer bees
  8 wights (D:9)
  3 howler monkeys
  An electric eel (D:8)
  3 centaur zombies (D:9)
  2 bullfrog zombies
  3 bullfrog skeletons
  2 hounds (D:5)
  3 orc priests
  5 jellies
  A centaur skeleton (D:7)
  Terence (D:2)
  Natasha (D:2)
  A scorpion zombie (D:5)
  2 iguanas (D:5)
  6 orc wizards
  A killer bee zombie (D:6)
  3 gnolls (D:6)
  A howler monkey skeleton (D:7)
  5 adders
  A shadow imp (D:8)
  2 white imps
  2 worms
  3 dart slugs
  22 orcs
  8 ball pythons
  5 endoplasms
  6 giant cockroaches
  6 goblins
  10 hobgoblins
  3 jackals (D:5)
  11 kobolds
  4 quokkas
  8 bats
  2 frilled lizards
  17 rats
  A spectral kobold (D:1)
243 creatures vanquished.

Vanquished Creatures (others)
  A bush (D:8)
  4 fungi (D:8)
  23 plants (D:8)
28 creatures vanquished.

Grand Total: 271 creatures vanquished

Notes
Turn   | Place    | Note
-------+----------+-------------------------------------------
     0 | D:1      | alasdair19 the Minotaur Fighter began the quest for the
                  | Orb.
     0 | D:1      | Reached XP level 1. HP: 19/19 MP: 0/0
   183 | D:1      | Reached XP level 2. HP: 18/27 MP: 1/1
   343 | D:1      | Found Vomato's Book Boutique.
   790 | D:1      | Reached XP level 3. HP: 25/33 MP: 2/2
   953 | D:1      | Found a faded altar of an unknown god.
  1394 | D:2      | Reached skill level 3 in Long Blades
  1867 | D:2      | Noticed Terence
  1882 | D:2      | Killed Terence
  1883 | D:2      | Reached XP level 4. HP: 17/40 MP: 3/3
  2081 | D:2      | Noticed Natasha
  2090 | D:2      | Killed Natasha
  2644 | D:3      | Reached XP level 5. HP: 46/47 MP: 4/4
  2738 | D:3      | Reached skill level 1 in Dodging
  3106 | D:3      | Reached skill level 5 in Armour
  3213 | D:3      | Found a runed translucent gate.
  3214 | D:3      | Found a runed translucent gate.
  3215 | D:3      | Found a runed translucent gate.
  3215 | D:3      | Noticed othur's ghost (amateur HOFi)
  3547 | D:4      | Reached skill level 4 in Long Blades
  3759 | D:4      | You fall into a shaft and drop 1 floor!
  3759 | D:5      | Entered Level 5 of the Dungeon
  3772 | D:5      | Found a glowing drain.
  3793 | Sewer    | Entered a sewer
  3820 | Sewer    | Noticed a water moccasin
  3834 | Sewer    | Killed a water moccasin
  3835 | Sewer    | Reached skill level 5 in Long Blades
  3835 | Sewer    | Reached XP level 6. HP: 31/53 MP: 5/5
  4070 | D:5      | Reached skill level 5 in Shields
  4163 | D:5      | Reached XP level 7. HP: 54/60 MP: 6/6
  4175 | D:4      | Reached skill level 5 in Fighting
  4429 | D:4      | Reached skill level 6 in Long Blades
  4454 | D:4      | Noticed Duvessa
  4455 | D:4      | Noticed Dowan
  4472 | D:4      | Killed Duvessa
  4473 | D:4      | Reached skill level 1 in Throwing
  4619 | D:4      | Killed Dowan
  5213 | D:5      | Reached XP level 8. HP: 62/68 MP: 7/7
  5566 | D:5      | Reached skill level 7 in Long Blades
  6257 | D:6      | Noticed Edmund
  6267 | D:5      | Killed Edmund
  6834 | D:6      | Reached skill level 8 in Long Blades
  7617 | D:6      | Reached XP level 9. HP: 75/75 MP: 8/8
  7703 | D:6      | You fall into a shaft and drop 3 floors!
  7743 | D:7      | Found a runed translucent gate.
  7743 | D:7      | Found a runed translucent gate.
  7743 | D:7      | Found a runed translucent gate.
  7770 | D:8      | Noticed Erica
  7777 | D:8      | Killed Erica
  7988 | D:6      | Found a staircase to the Ecumenical Temple.
  7996 | Temple   | Entered the Ecumenical Temple
  8069 | Temple   | Became a worshipper of Warmaster Okawaru
  8288 | D:6      | Noticed Sigmund
  8292 | D:6      | Killed Sigmund
  8530 | D:6      | Reached skill level 9 in Long Blades
  8889 | D:6      | Reached * piety under Okawaru
  8894 | D:6      | Reached skill level 5 in Throwing
  9293 | D:7      | Identified the ring "Sismug" {rF+ Dex+4}
  9315 | D:7      | Found the +9 staff of Olgreb {rPois∞}
  9319 | D:7      | Found a runed translucent door.
  9333 | D:7      | Found a runed translucent gate.
  9333 | D:7      | Found a runed translucent gate.
  9334 | D:7      | Found a runed translucent door.
  9342 | D:7      | Found a white marble altar of Elyvilon.
  9360 | D:7      | Reached XP level 10. HP: 86/86 MP: 9/9
  9409 | D:7      | Found a runed translucent gate.
  9549 | D:7      | Noticed Cleetus's ghost (novice FoFi)
  9549 | D:7      | Noticed othur's ghost (novice GrFi)
  9981 | D:8      | Noticed Grum
  9990 | D:8      | Noticed Harold
 10196 | D:8      | Killed Grum
 10339 | D:8      | Reached ** piety under Okawaru
 10478 | D:8      | Reached skill level 10 in Long Blades
 10563 | D:8      | Killed Harold
 11042 | D:8      | Reached skill level 10 in Armour
 11138 | D:8      | Found a staircase to the Lair.
 11450 | D:9      | Found a staircase to the Orcish Mines.
 11685 | D:9      | Reached *** piety under Okawaru
 11692 | D:9      | Noticed a two-headed ogre
 11699 | D:9      | Killed a two-headed ogre
 11916 | D:9      | Reached XP level 11. HP: 87/94 MP: 10/10
 12222 | D:9      | Reached skill level 10 in Shields
 12360 | D:9      | Reached skill level 11 in Long Blades
 12362 | D:9      | Received a gift from Okawaru
 12782 | D:9      | Found a runed translucent door.
 12782 | D:9      | Found a runed translucent door.
 13117 | D:9      | Reached **** piety under Okawaru
 13325 | D:9      | Noticed a two-headed ogre
 13325 | D:9      | Noticed a centaur warrior
 13325 | D:9      | Noticed a green ugly thing
 13335 | D:9      | Killed a green ugly thing
 13346 | D:9      | Killed a two-headed ogre
 13352 | D:9      | Shot with an arrow by a centaur warrior

Illustrated notes

Levels and vault maps discovered:
D:1:      dpeg_arrival_ratfight, layout_basic, serial_shops, shop,
          dreamdust_ecumenical_altar_drowned_temple, minmay_misc_feat_rows,
          kennysheep_minor_cross, minivault_26, minmay_ruptured
D:2:      layout_basic, minmay_vboxes, uniq_terence, uniq_natasha
D:3:      layout_basic, gammafunk_ghost_nasty_kobolds
D:4:      layout_basic, uniq_duvessa
D:5:      layout_gridville, gup_sewer_entry_pipe
D:6:      layout_gridville, minmay_temple_entry_glassed_door, uniq_edmund,
          uniq_sigmund
D:7:      layout_cave_pools, nicolae_overflow_crystal_walls,
          gammafunk_ghost_cemetery, minmay_guarded_unrand_staff_of_olgreb
D:8:      layout_loops_cross, minmay_lair_entry_grove, nicolae_water_bricks,
          uniq_erica, uniq_grum, uniq_harold
D:9:      minmay_the_grid_triangle_9x9_rhombus_full
          [minmay_the_grid_triangle_9x9_descending_squares,
          minmay_the_grid_triangle_9x9_tough_junction,
          minmay_the_grid_triangle_9x9_windchime,
          minmay_the_grid_triangle_9x9_stretched_checkered,
          minmay_the_grid_triangle_9x9_flanged_cone,
          minmay_the_grid_triangle_9x9_sparse_checkered,
          minmay_the_grid_triangle_9x9_corruption,
          minmay_the_grid_triangle_9x9_prize_top_heavy], layout_gridville,
          orc_0_dummy
Temple:   regret_index_temple_sigil_plot

Skill      XL: |  1  2  3  4  5  6  7  8  9 10 11 |
---------------+----------------------------------+-----
Armour         | 4 5 6 7 9 10 | 10.8
Fighting       | 4 5 6 7 8 |  8.7
Shields        | 4 5 6 8 9 10 | 10.5
Long Blades    | 3 5 6 8 9 10 11 | 11.6
Dodging        | 1 2 |  2.1
Throwing       | 1 3 5 6 7 |  7.4
Stealth        | |  0.3
Invocations    | |  0.3

Action                   |  1- 3 |  4- 6 |  7- 9 | 10-12 || total
-------------------------+-------+-------+-------+-------++-------
Melee: Long sword        |   107 |   142 |   172 |       ||   421
       Headbutt          |    13 |    25 |    66 |    50 ||   154
       Scimitar          |       |       |    83 |   279 ||   362
Throw: Dart              |       |     1 |       |       ||     1
       Javelin           |       |       |     9 |    17 ||    26
       Boomerang         |       |       |       |     6 ||     6
Invok: Heroism           |       |       |       |     2 ||     2
  Use: Scroll            |     3 |     3 |     4 |     2 ||    12
       Potion            |     1 |     1 |     3 |     3 ||     8
Armor: Scale mail        |    42 |       |    59 |    23 ||   124
       Chain mail        |       |   103 |    21 |       ||   124
       Plate armour      |       |       |    48 |   104 ||   152
Dodge: Dodged            |    27 |    32 |   120 |    84 ||   263
Block: Kite shield       |    55 |    81 |   196 |   206 ||   538
       Rpst.: Long sword |     7 |     8 |    12 |       ||    27
       Scimitar          |       |       |    14 |    19 ||    33
